[Event "Titled Tuesday Blitz March 15 Late 2022"]
[White "Babazada, Khazar"]
[Black "Melkumyan, Hrant"]
[WhiteFideId "13413554"]
[BlackFideId "13302485"]
[WhiteElo "2418"]
[BlackElo "2604"]
[Result "0-1"]
[Round "09"]
[TimeControl "180+1"]
[Date "2022.03.15"]
[WhiteClock "0:00:03"]
[BlackClock "0:00:04"]

1. e4 e5 2. Nf3 Nc6 3. Bb5 Nf6 4. O-O Nxe4 5. Re1 Nd6 6. Nxe5 Be7 7. Bf1 Nf5 8. Nxc6 dxc6 9. c3 O-O 10. d4 Be6 11. Qf3 Qd7 12. Nd2 Rae8 13. Bc4 Bd6 14. Bxe6 fxe6 15. Qh3 e5 16. dxe5 Rxe5 17. Nf3 Rxe1+ 18. Nxe1 Bc5 19. Nd3 Rd8 20. Bg5 Be7 21. Bxe7 Nxe7 22. Qxd7 Rxd7 23. Rd1 Ng6 24. f3 Ne5 25. Nf2 Rxd1+ 26. Nxd1 Nd3 27. Kf1 c5 28. Ke2 c4 29. Kd2 Kf7 30. b3 cxb3 31. axb3 Nc5 32. b4 Nd7 33. Kd3 Ke6 34. Ne3 Ne5+ 35. Kd4 b6 36. f4 Nd7 37. g4 c5+ 38. Kc4 a6 39. bxc5 Nxc5 40. Nd5 Nd7 41. Nc7+ Kd6 42. Nxa6 Nf6 43. h3 Ne4 44. Kd4 Nf2 45. Ke3 Nxh3 46. Nb4 g5 47. f5 Nf4 48. Nc2 Nd5+ 49. Kd4 Nf6 50. Ne3 b5 51. c4 b4 52. c5+ Kc6 53. Kc4 b3 54. Kxb3 Kxc5 55. Kc3 Ne4+ 56. Kd3 Nd6 57. Nd1 Kd5 58. Nf2 Ke5 59. Ke3 Nc4+ 60. Kf3 Kd4 61. Kg3 Ne5 62. f6 h6 63. Kh3 Nf7 64. Nh1 Ke5 65. Ng3 Kxf6 66. Nf5 Kg6 67. Kg3 Ne5 68. Ne7+ Kh7 69. Nf5 Nc6 70. Kf3 Ne5+ 71. Kg3 Nf7 72. Kf3 Kg6 73. Ke4 Kf6 74. Ne3 Nd6+ 75. Kd5 Nc8 76. Ke4 Ne7 77. Ng2 Ke6 78. Ne3 Ng8 79. Nf5 Nf6+ 80. Kf3 Ng8 81. Ng7+ Kf7 82. Nf5 Kg6 83. Nd4 Nf6 84. Kg3 Ne4+ 85. Kf3 Nc5 86. Kg3 Nd7 87. Kf3 Ne5+ 88. Kg3 Kf6 89. Ne2 Nc6 90. Kf3 Ke5 91. Kg3 Nd4 92. Nc3 Ne6 93. Ne2 Nc5 94. Ng1 Ke4 95. Nh3 Ke3 96. Ng1 Ne4+ 97. Kh3 Kf2 98. Kh2 Nf6 99. Nh3+ Kf3 0-1


[Site "https://www.chess.com"]

[Event "Titled Tuesday Blitz March 15 Late 2022"]
[White "Barp, Alberto"]
[Black "Chen, Justin"]
[WhiteFideId "872555"]
[BlackFideId "2098199"]
[WhiteElo "2229"]
[BlackElo "2500"]
[Result "1-0"]
[Round "09"]
[TimeControl "180+1"]
[Date "2022.03.15"]
[WhiteClock "0:00:22"]
[BlackClock "0:00:01"]

1. d4 d5 2. c4 e6 3. Nf3 dxc4 4. e3 Nf6 5. Bxc4 a6 6. O-O c5 7. Qe2 b5 8. Bd3 Bb7 9. a4 c4 10. Bc2 Be7 11. axb5 axb5 12. Rxa8 Bxa8 13. Nc3 Qb6 14. e4 O-O 15. e5 Nd5 16. Ne4 Nc6 17. Rd1 Rd8 18. Bg5 h6 19. Bxe7 Ndxe7 20. Nd6 Nb4 21. Bb1 Nc8 22. Ne4 Ne7 23. Qd2 Bxe4 24. Bxe4 Nbc6 25. g4 Ng6 26. Qe3 Ngxe5 27. Bxc6 Nxc6 28. g5 hxg5 29. Nxg5 Rxd4 30. Ra1 Rg4+ 31. Kf1 Qd8 32. Qf3 1-0


[Site "https://www.chess.com"]

[Event "Titled Tuesday Blitz March 15 Late 2022"]
[White "Bilych, Olexiy"]
[Black "Bettalli, Francesco"]
[WhiteFideId "14156504"]
[BlackFideId "2816453"]
[WhiteElo "2176"]
[BlackElo "2216"]
[Result "1-0"]
[Round "09"]
[TimeControl "180+1"]
[Date "2022.03.16"]
[WhiteClock "0:00:07"]
[BlackClock "0:00:51"]

1. e4 e5 2. Nf3 Nf6 3. Nxe5 Nc6 4. Nxc6 dxc6 5. d3 Bc5 6. Be2 h5 7. h3 Qd6 8. Nc3 Be6 9. Bg5 O-O-O 10. Qd2 Bb4 11. a3 Ba5 12. Be3 Kb8 13. O-O-O c5 14. f4 Qc6 15. Bf3 c4 16. f5 Bc8 17. Kb1 cxd3 18. cxd3 Qa6 19. Qc2 Nd7 20. Nd5 Ne5 21. Bf4 Nxf3 22. Nxc7 Qc6 23. Nd5+ Ka8 24. gxf3 Bxf5 25. Qxc6 bxc6 26. Ne3 Be6 27. Nc4 Bb6 28. Kc2 Bd4 29. b4 f6 30. Bd2 Rd7 31. Bc3 Rhd8 32. Bxd4 Rxd4 33. Ne3 c5 34. bxc5 Rc8 35. Kc3 Ra4 36. d4 Rxa3+ 37. Kd2 Ra2+ 38. Nc2 Rb8 39. Rb1 Bb3 40. Rhc1 a5 41. Kc3 a4 42. Nb4 Rf2 43. Rf1 Rh2 44. c6 Ka7 45. d5 Kb6 46. Nd3 Rc2+ 47. Kd4 Rc4+ 48. Ke3 Rc3 49. Rfc1 Rxc1 50. Rxc1 Ra8 51. d6 a3 52. c7 a2 53. f4 Kb7 54. Nc5+ Kc6 55. Nxb3+ Kxd6 56. c8=Q Rxc8 57. Rxc8 f5 58. e5+ Ke7 59. Rc1 g5 60. Ra1 1-0


[Site "https://www.chess.com"]

[Event "Titled Tuesday Blitz March 15 Late 2022"]
[White "Bluebaum, Matthias"]
[Black "Grischuk, Alexander"]
[WhiteFideId "24651516"]
[BlackFideId "4126025"]
[WhiteElo "2550"]
[BlackElo "2762"]
[Result "1/2-1/2"]
[Round "09"]
[TimeControl "180+1"]
[Date "2022.03.15"]
[WhiteClock "0:00:07"]
[BlackClock "0:00:06"]

1. b3 e5 2. Bb2 Nc6 3. e3 d5 4. Bb5 Bd6 5. f4 f6 6. Qh5+ g6 7. Qh4 exf4 8. Nc3 a6 9. Bxc6+ bxc6 10. exf4 d4 11. Ne4 c5 12. Nxd6+ Qxd6 13. O-O-O Ne7 14. Nf3 Bb7 15. Rde1 O-O-O 16. Rhf1 Nd5 17. f5 g5 18. Qg3 Rde8 19. Kb1 a5 20. Ba3 a4 21. Re6 Rxe6 22. fxe6 Nf4 23. Re1 Re8 24. e7 d3 25. c4 Rxe7 26. Rxe7 Qxe7 27. Qf2 Qe2 28. Qxc5 Bxf3 29. Qf8+ Kd7 30. Qf7+ Kc6 31. gxf3 Qd1+ 32. Kb2 Qxd2+ 33. Kb1 Qd1+ 34. Kb2 Qc2+ 35. Ka1 Qc3+ 36. Kb1 Qe5 37. Bc1 axb3 38. axb3 Ne2 39. Bd2 Kb7 40. Qd7 Nd4 41. Ka2 Nc6 42. Qd5 Qxd5 43. cxd5 Ne7 44. b4 Nxd5 45. Kb3 Kc6 46. Kc4 Nb6+ 47. Kxd3 Kd5 48. f4 g4 49. f5 c6 50. Bc3 Nd7 51. Ke3 h5 52. Kf4 Ne5 53. Bxe5 fxe5+ 54. Kg5 e4 55. f6 e3 56. f7 e2 57. f8=Q e1=Q 58. Qc5+ Ke6 59. Qxc6+ Ke7 60. Qc5+ Kd7 61. Kxh5 Qe2 62. Qd4+ Kc7 63. Qf4+ Kb7 64. Kh4 Ka6 65. Kg3 Kb5 66. Qxg4 Qe1+ 67. Kh3 Qe3+ 68. Kh4 Qe1+ 69. Kh5 Qe8+ 70. Qg6 Qh8+ 71. Qh6 Qe8+ 72. Kh4 Qe1+ 73. Kh3 Qf1+ 74. Kg3 Qg1+ 75. Kh3 Qf1+ 76. Kh4 Qf2+ 77. Kg4 Qe2+ 78. Kf5 Qd3+ 79. Ke5 Qe2+ 80. Kf6 Qf3+ 81. Kg7 Qb7+ 82. Kh8 Qb8+ 83. Kh7 Qc7+ 84. Kg6 Qd6+ 85. Kh5 Qxh2+ 86. Kg5 Qd2+ 87. Kg6 Qd6+ 88. Kh7 Qe7+ 89. Qg7 Qxg7+ 90. Kxg7 Kxb4 1/2-1/2


[Site "https://www.chess.com"]

[Event "Titled Tuesday Blitz March 15 Late 2022"]
[White "Bryakin, Mikhail"]
[Black "Hess, Robert"]
[WhiteFideId "4165314"]
[BlackFideId "2022036"]
[WhiteElo "2417"]
[BlackElo "2557"]
[Result "1-0"]
[Round "09"]
[TimeControl "180+1"]
[Date "2022.03.15"]
[WhiteClock "0:00:37"]
[BlackClock "0:00:04"]

1. e4 g6 2. d4 Bg7 3. Nf3 a6 4. a4 d6 5. Nc3 e6 6. Be2 Ne7 7. h3 Nd7 8. O-O b6 9. Be3 Bb7 10. Qd2 h6 11. d5 e5 12. Ne1 f5 13. f3 f4 14. Bf2 g5 15. Nd3 h5 16. Rfb1 Nf6 17. a5 b5 18. Kf1 Qd7 19. Ke1 g4 20. Bf1 c6 21. Nb4 cxd5 22. Nbxd5 Nexd5 23. Nxd5 Nxd5 24. exd5 Rc8 25. Rd1 Bf6 26. c3 Rg8 27. Qd3 Rg7 28. Qe4 Kf7 29. Rd2 Rcg8 30. c4 bxc4 31. Qxc4 gxf3 32. gxf3 Qe7 33. Ra3 Bh4 34. Rb3 Bxf2+ 35. Rxf2 Rc8 36. Qe4 Kg8 37. Rc3 Rxc3 38. bxc3 Qc7 39. Qb4 Bxd5 40. Bxa6 Rg3 41. Be2 Rxh3 42. a6 Rh1+ 43. Rf1 Rh2 44. Rf2 Rh1+ 45. Rf1 Rh2 46. Qa3 Qc5 47. Qxc5 dxc5 48. a7 Kh7 49. Rg1 Kh6 50. Rg8 Rh1+ 51. Bf1 Bxf3 52. Kf2 Bc6 53. Bg2 Bxg2 54. Kxg2 Ra1 55. a8=Q Rxa8 56. Rxa8 Kg5 57. Rc8 Kg4 58. Rg8+ Kf5 59. Rc8 Kg4 60. Rxc5 e4 61. Rc8 h4 62. Rg8+ Kf5 63. c4 e3 64. Kf3 h3 65. Rh8 Ke5 66. Rxh3 Kd4 67. Kxf4 e2 68. Re3 Kxc4 69. Rxe2 1-0


[Site "https://www.chess.com"]

[Event "Titled Tuesday Blitz March 15 Late 2022"]
[White "Chiku-Ratte, Olivier-Kenta"]
[Black "Al-Tarboush, Ward"]
[WhiteFideId "2614782"]
[BlackFideId "7601450"]
[WhiteElo "2324"]
[BlackElo "2276"]
[Result "0-1"]
[Round "09"]
[TimeControl "180+1"]
[Date "2022.03.15"]
[WhiteClock "0:02:12"]
[BlackClock "0:02:51"]

1. Nf3 d5 2. d4 Nf6 3. c4 c6 4. Nc3 dxc4 5. a4 Bf5 6. e3 e6 7. Bxc4 Nbd7 8. O-O Bb4 9. Qe2 Bg6 10. Rd1 O-O 11. Bd2 Qe7 12. a5 e5 13. dxe5 Nxe5 14. Nxe5 Qxe5 15. Ra4 Bxa5 16. Be1 Bc7 17. f4 Qe7 18. Raa1 Bh5 19. Qf2 Bxd1 20. Nxd1 Bb6 21. Bd3 Rad8 0-1


[Site "https://www.chess.com"]

[Event "Titled Tuesday Blitz March 15 Late 2022"]
[White "Chiu, Isaac"]
[Black "Le Goff, Ronan"]
[WhiteFideId "30900654"]
[BlackFideId "612073"]
[WhiteElo "2117"]
[BlackElo "2276"]
[Result "0-1"]
[Round "09"]
[TimeControl "180+1"]
[Date "2022.03.16"]
[WhiteClock "0:00:15"]
[BlackClock "0:01:06"]

1. Nf3 Nf6 2. g3 g6 3. Bg2 Bg7 4. O-O O-O 5. b3 c5 6. Bb2 Nc6 7. c4 d6 8. e3 Bd7 9. d4 Rb8 10. dxc5 dxc5 11. Qe2 Qc7 12. Rd1 Rfd8 13. Nc3 a6 14. Rac1 e6 15. e4 Be8 16. h3 Nd4 17. Qe3 Nxf3+ 18. Bxf3 Nd7 19. Bg2 Ne5 20. f4 Nc6 21. e5 Nd4 22. Ne4 Nf5 23. Qf2 b6 24. g4 Ne7 25. Rd6 Bc6 26. Rcd1 Bxe4 27. Bxe4 Rbc8 28. R1d3 Qb8 29. Qd2 Re8 30. Qf2 Bf8 31. Qh4 b5 32. Rd2 bxc4 33. bxc4 Qb4 34. Bd3 Nc6 35. Rd7 Qxd2 36. Bxg6 Qe3+ 37. Kg2 hxg6 38. Qf6 Re7 0-1


[Site "https://www.chess.com"]

[Event "Titled Tuesday Blitz March 15 Late 2022"]
[White "Costachi, Mihnea"]
[Black "Lazavik, Denis"]
[WhiteFideId "1217518"]
[BlackFideId "13515110"]
[WhiteElo "2464"]
[BlackElo "2437"]
[Result "0-1"]
[Round "09"]
[TimeControl "180+1"]
[Date "2022.03.15"]
[WhiteClock "0:00:25"]
[BlackClock "0:00:21"]

1. d4 f5 2. Bg5 h6 3. Bh4 g5 4. Bg3 Nf6 5. e3 c5 6. Nc3 Qb6 7. d5 d6 8. h4 g4 9. a3 Nbd7 10. Bd3 Ne5 11. Bxe5 dxe5 12. Bb5+ Bd7 13. Bxd7+ Nxd7 14. Nge2 Bg7 15. Ng3 O-O 16. O-O Qxb2 17. Na4 Qb5 18. c3 e4 19. Rb1 Qa6 20. Qb3 Kh7 21. c4 Rab8 22. Nc3 Qf6 23. Nce2 Qxh4 24. Qa4 Ne5 25. Qxa7 Nf3+ 26. gxf3 gxf3 27. Nf4 Be5 28. Rxb7 Rxb7 29. Qxb7 Bxf4 30. exf4 Rg8 31. Qb2 Qh3 32. Qe5 Qg2# 0-1


[Site "https://www.chess.com"]

[Event "Titled Tuesday Blitz March 15 Late 2022"]
[White "Curtis, John"]
[Black "Foisor, Sabina-Francesca"]
[WhiteFideId "3200256"]
[BlackFideId "1212915"]
[WhiteElo "2203"]
[BlackElo "2243"]
[Result "0-1"]
[Round "09"]
[TimeControl "180+1"]
[Date "2022.03.16"]
[WhiteClock "0:00:46"]
[BlackClock "0:01:04"]

1. e4 c6 2. d4 g6 3. Nc3 d5 4. exd5 cxd5 5. Bb5+ Nc6 6. Nf3 Bg7 7. O-O Nf6 8. Bf4 O-O 9. Bxc6 bxc6 10. Be5 Bg4 11. Na4 Nd7 12. Bxg7 Kxg7 13. h3 Bxf3 14. Qxf3 Rb8 15. b3 e6 16. Rfe1 Qf6 17. Qxf6+ Kxf6 18. Rac1 e5 19. c4 exd4 20. cxd5 cxd5 21. Red1 Rb4 22. Rc7 Ne5 23. Nb2 g5 24. Nd3 Nxd3 25. Rxd3 Re8 26. Kf1 Re7 27. Rxe7 Kxe7 28. a3 Rb7 29. b4 Kd6 30. Rxd4 a5 31. Rg4 f6 32. Ke2 h5 33. Rd4 Ke5 34. Kd3 a4 35. g3 Rc7 36. f4+ gxf4 37. gxf4+ Kd6 38. b5 Kc5 39. Rxa4 Kxb5 40. Ra8 Kc5 41. Rh8 Rg7 42. Rxh5 Rg3+ 43. Ke2 Rxa3 44. Rf5 Ra6 45. Kd3 Ra3+ 46. Kd2 Rxh3 47. Rxf6 Kd4 48. Ra6 Rh2+ 49. Kd1 Ke4 50. Ra5 d4 51. Ra4 Ke3 52. Ra8 Rh1+ 53. Kc2 d3+ 54. Kb2 d2 0-1


[Site "https://www.chess.com"]

[Event "Titled Tuesday Blitz March 15 Late 2022"]
[White "Demchenko, Anton"]
[Black "Jaferian, Koosha"]
[WhiteFideId "4160258"]
[BlackFideId "12507440"]
[WhiteElo "2539"]
[BlackElo "2030"]
[Result "1-0"]
[Round "09"]
[TimeControl "180+1"]
[Date "2022.03.15"]
[WhiteClock "0:00:05"]
[BlackClock "0:00:06"]

1. e4 c6 2. d4 d5 3. e5 Bf5 4. Bd3 Bxd3 5. Qxd3 Qa5+ 6. c3 e6 7. Ne2 Nd7 8. O-O Ne7 9. Nd2 Nf5 10. Ng3 g6 11. Nf3 Be7 12. a4 Qd8 13. a5 a6 14. b4 Qc7 15. Nxf5 gxf5 16. Bg5 Bxg5 17. Nxg5 h6 18. Nh3 O-O-O 19. Nf4 Rhg8 20. g3 Rg5 21. Rfc1 Kb8 22. c4 dxc4 23. Qxc4 Nf8 24. b5 axb5 25. Qc3 Ng6 26. Nxg6 Rxg6 27. a6 Rgg8 28. Ra2 Qb6 29. axb7 Kxb7 30. Qe3 Ra8 31. Rac2 Rgc8 32. Qxh6 Qxd4 33. Rd2 Qxe5 34. Qh5 Rc7 35. Re2 Qd4 36. Ree1 Ra2 37. Qf3 Qd5 38. Qc3 Qd2 39. Qf3 Qd5 40. Qe3 Rd7 41. Rb1 Ra4 42. h4 Re4 43. Qc3 Rxe1+ 44. Rxe1 Qd4 45. Qf3 b4 46. h5 Qd5 47. Qf4 b3 48. h6 Rd8 49. Rb1 c5 50. h7 c4 51. Qh6 Qe5 52. Qh5 Rf8 53. Qh6 b2 54. Qxf8 Qe4 55. Qxf7+ Kc6 56. Rxb2 Qe1+ 57. Kg2 Qe4+ 58. Kh2 c3 59. Ra2 c2 60. Rxc2+ Qxc2 61. Qxe6+ Kc5 62. Qe3+ Kd5 63. h8=Q 1-0


[Site "https://www.chess.com"]

[Event "Titled Tuesday Blitz March 15 Late 2022"]
[White "Desideri, Ricardo Maruchi"]
[Black "P., Komal Kishore"]
[WhiteFideId "2110440"]
[BlackFideId "5016703"]
[WhiteElo "1945"]
[BlackElo "2112"]
[Result "1-0"]
[Round "09"]
[TimeControl "180+1"]
[Date "2022.03.16"]
[WhiteClock "0:00:01"]
[BlackClock "0:00:10"]

1. e4 c6 2. d4 d5 3. e5 Bf5 4. h4 h5 5. Bd3 Bxd3 6. Qxd3 e6 7. Bg5 Be7 8. Nf3 Nh6 9. Nbd2 Nf5 10. c4 Nd7 11. Nf1 Qa5+ 12. Bd2 Qb6 13. Ne3 Nxe3 14. fxe3 Qxb2 15. Rb1 dxc4 16. Qe4 Qxa2 17. Rxb7 Qa1+ 18. Rb1 Qa6 19. O-O O-O 20. Ng5 g6 21. Nxf7 Rxf7 22. Qxg6+ Rg7 23. Qxe6+ Kh8 24. Rf7 Qa2 25. Qh6+ Kg8 26. Qxg7# 1-0


[Site "https://www.chess.com"]

[Event "Titled Tuesday Blitz March 15 Late 2022"]
[White "Donchenko, Alexander"]
[Black "Petrova, Irina"]
[WhiteFideId "24603295"]
[BlackFideId "14124122"]
[WhiteElo "2539"]
[BlackElo "1993"]
[Result "1-0"]
[Round "09"]
[TimeControl "180+1"]
[Date "2022.03.16"]
[WhiteClock "0:01:25"]
[BlackClock "0:00:03"]

1. e4 d6 2. d4 Nf6 3. Nc3 e5 4. Nf3 Nbd7 5. Bc4 Be7 6. a4 O-O 7. O-O c6 8. h3 h6 9. Qe2 Re8 10. Rd1 Qc7 11. dxe5 dxe5 12. Nh4 Nf8 13. Be3 Bb4 14. Qf3 Be6 15. Bf1 N8h7 16. Nf5 Bxf5 17. Qxf5 Rad8 18. Ne2 Ng5 19. Ng3 Ngh7 20. c3 Bf8 21. Bc4 Qc8 22. Qg6 Rxd1+ 23. Rxd1 Qc7 24. Nf5 Kh8 25. Bxf7 Rd8 26. Rxd8 Qxd8 27. Bb3 Qd3 28. Qf7 Qxe4 29. Ne7 Qb1+ 30. Kh2 Bxe7 31. Qxe7 Qxb2 32. Qd8+ 1-0


[Site "https://www.chess.com"]

[Event "Titled Tuesday Blitz March 15 Late 2022"]
[White "Ezat, Mohamed"]
[Black "Badelka, Olga"]
[WhiteFideId "10600906"]
[BlackFideId "13509926"]
[WhiteElo "2386"]
[BlackElo "2165"]
[Result "0-1"]
[Round "09"]
[TimeControl "180+1"]
[Date "2022.03.16"]
[WhiteClock "0:00:19"]
[BlackClock "0:00:21"]

1. d4 Nf6 2. c4 c5 3. d5 b5 4. cxb5 a6 5. Nc3 g6 6. e4 d6 7. Nf3 Bg7 8. Be2 O-O 9. O-O axb5 10. Bxb5 Qa5 11. Re1 Ba6 12. Bxa6 Nxa6 13. e5 Nd7 14. Bf4 Qb6 15. Qd2 Nc7 16. h3 Rfe8 17. Re2 Nb5 18. Nxb5 Qxb5 19. a3 c4 20. Rae1 dxe5 21. Nxe5 Nc5 22. Nc6 Nd3 23. Nxe7+ Kh8 24. Bh6 Nxe1 25. Bxg7+ Kxg7 26. Qxe1 f6 27. d6 Rad8 28. Re6 Kf7 29. Qe4 Qc5 30. Qb7 Kxe6 31. Nc6 Rxd6 32. Nb4 Rd1+ 33. Kh2 Qd6+ 34. g3 Rd2 35. Qe4+ Kf7 36. Qxc4+ Kg7 37. Kg2 Ree2 0-1


[Site "https://www.chess.com"]

[Event "Titled Tuesday Blitz March 15 Late 2022"]
[White "Fiorito, Fabian"]
[Black "Mogranzini, Roberto"]
[WhiteFideId "100200"]
[BlackFideId "810894"]
[WhiteElo "2395"]
[BlackElo "2469"]
[Result "0-1"]
[Round "09"]
[TimeControl "180+1"]
[Date "2022.03.16"]
[WhiteClock "0:01:55"]
[BlackClock "0:01:05"]

1. e4 c5 2. Nf3 Nc6 3. d4 cxd4 4. Nxd4 Qb6 5. Nb5 a6 6. Be3 Qd8 7. Nd4 d6 8. Nc3 e6 9. Be2 Nf6 10. O-O Be7 11. f4 Qc7 12. Bf3 O-O 13. Nxc6 bxc6 14. Na4 Rb8 15. c4 c5 16. Qc2 Bb7 17. g4 Nd7 18. Qg2 Bc6 19. Nc3 Bf6 20. Rac1 Bd4 21. Rfe1 Qa5 22. g5 Nb6 23. Be2 Bxe3+ 0-1


[Site "https://www.chess.com"]

[Event "Titled Tuesday Blitz March 15 Late 2022"]
[White "Gatterer, Florian"]
[Black "Yedidia, Daniel"]
[WhiteFideId "811688"]
[BlackFideId "30905907"]
[WhiteElo "2218"]
[BlackElo "2506"]
[Result "1/2-1/2"]
[Round "09"]
[TimeControl "180+1"]
[Date "2022.03.16"]
[WhiteClock "0:00:10"]
[BlackClock "0:00:39"]

1. Nf3 Nf6 2. c4 b6 3. g3 Bb7 4. Bg2 e6 5. O-O Be7 6. d4 O-O 7. Nc3 d5 8. Ne5 Nbd7 9. Qa4 c5 10. Nxd7 Qxd7 11. Qxd7 Nxd7 12. dxc5 Nxc5 13. cxd5 exd5 14. Nxd5 Bxd5 15. Bxd5 Rad8 16. Bf3 Bf6 17. Rb1 Ne6 18. e3 Nc5 19. b3 Nd3 20. Ba3 Rfe8 21. Rfd1 h6 22. h4 g6 23. Kg2 Kg7 24. Be2 Ne5 25. Bb5 Rxd1 26. Rxd1 Rc8 27. Rd2 a6 28. Be2 b5 29. f4 Nc6 30. Bf3 Ne7 31. e4 Bc3 32. Rc2 b4 33. Bc1 Nc6 34. Be3 Rd8 35. Be2 a5 36. e5 h5 37. Bb5 Nd4 38. Bxd4 Rxd4 39. Be2 f6 40. exf6+ Kxf6 41. Kf3 Rd6 42. Ke3 Re6+ 43. Kf3 Bd4 44. Bc4 Re3+ 45. Kg2 Kf5 46. Re2 Ke4 47. Rxe3+ Bxe3 48. Bf7 Kf5 49. Be8 Kf6 50. Kf3 Bd4 51. Ke4 Bf2 52. Kf3 Be1 53. Bc6 Ke6 54. Be4 Kf6 55. Bd3 Kg7 56. Be4 Kf6 57. Bd3 Kg7 58. Be4 Kf6 1/2-1/2


[Site "https://www.chess.com"]

[Event "Titled Tuesday Blitz March 15 Late 2022"]
[White "Golubka, Petro"]
[Black "Solon, Nathan"]
[WhiteFideId "14114224"]
[BlackFideId "2017229"]
[WhiteElo "2346"]
[BlackElo "2594"]
[Result "1-0"]
[Round "09"]
[TimeControl "180+1"]
[Date "2022.03.15"]
[WhiteClock "0:00:05"]
[BlackClock "0:00:02"]

1. g3 d5 2. Bg2 e5 3. d3 c5 4. Nf3 Nc6 5. O-O Be7 6. c4 d4 7. b4 cxb4 8. a3 a5 9. axb4 Bxb4 10. Ba3 Bd7 11. Nbd2 Nf6 12. Qb3 O-O 13. Bxb4 axb4 14. Ng5 Qe7 15. h4 h6 16. Nge4 Ng4 17. c5 Be6 18. Qb2 f5 19. Nd6 e4 20. dxe4 Rxa1 21. Rxa1 f4 22. Nf3 fxg3 23. fxg3 Qf6 24. Nxb7 b3 25. Nd6 d3 26. Qxf6 Nxf6 27. exd3 b2 28. Rb1 Rb8 29. Nc4 Bxc4 30. dxc4 Nxe4 31. Ne1 Nc3 32. Bd5+ Kf8 33. Rxb2 Rxb2 34. Bxc6 Ke7 35. Bf3 Na4 36. Nd3 Rd2 37. Be4 Nc3 38. Bh7 Kf6 39. c6 Ke7 40. Nf4 Kd6 41. Nd5 Nxd5 42. cxd5 Rxd5 43. Be4 Rd2 44. Bf3 1-0


[Site "https://www.chess.com"]

[Event "Titled Tuesday Blitz March 15 Late 2022"]
[White "Goryachkina, Aleksandra"]
[Black "Kamsky, Gata"]
[WhiteFideId "4147103"]
[BlackFideId "2000024"]
[WhiteElo "2426"]
[BlackElo "2645"]
[Result "0-1"]
[Round "09"]
[TimeControl "180+1"]
[Date "2022.03.15"]
[WhiteClock "0:00:11"]
[BlackClock "0:00:26"]

1. e4 Nf6 2. e5 Nd5 3. d4 d6 4. Nf3 g6 5. Bc4 c6 6. O-O Bg7 7. h3 O-O 8. Nbd2 Nd7 9. Re1 dxe5 10. dxe5 Nc5 11. Nb3 Ne6 12. c3 Nb6 13. Bd3 c5 14. Qe2 Qc7 15. c4 Bd7 16. Be3 f6 17. exf6 exf6 18. Be4 Rfe8 19. Bd5 Kh8 20. Bxe6 Bxe6 21. Bxc5 Nxc4 22. Rac1 Bf7 23. Qc2 b6 24. Bd4 Qf4 25. Qc3 Kg8 26. Rcd1 Rac8 27. Rxe8+ Rxe8 28. Nbd2 Nd6 29. Qc7 Rc8 30. Qxa7 b5 31. Be3 Qb4 32. b3 Nf5 33. Bf4 Qxf4 0-1


[Site "https://www.chess.com"]

[Event "Titled Tuesday Blitz March 15 Late 2022"]
[White "Hess, Max"]
[Black "Romero Ruscalleda, Josep"]
[WhiteFideId "24656666"]
[BlackFideId "2231859"]
[WhiteElo "2276"]
[BlackElo "2333"]
[Result "1-0"]
[Round "09"]
[TimeControl "180+1"]
[Date "2022.03.16"]
[WhiteClock "0:02:12"]
[BlackClock "0:01:40"]

1. d4 g6 2. e3 Bg7 3. Nf3 d6 4. Be2 Nf6 5. O-O O-O 6. c4 b6 7. Nc3 Bb7 8. b3 Nbd7 9. Bb2 Ne4 10. Nxe4 Bxe4 11. Nd2 Bb7 12. Bf3 Bxf3 13. Nxf3 c5 14. e4 Qc7 15. Qd2 cxd4 16. Bxd4 Nf6 17. Rfe1 Rfe8 18. Rad1 Qb7 19. Qb2 Nh5 20. Bxg7 Nxg7 21. Nd4 Rac8 22. Nb5 Ne6 23. Nc3 Nc5 24. Nd5 b5 25. cxb5 Qxb5 26. h4 Nd3 27. Qe2 e6 28. Nf6+ Kg7 29. Nxe8+ 1-0


[Site "https://www.chess.com"]

[Event "Titled Tuesday Blitz March 15 Late 2022"]
[White "Hirneise, Jens"]
[Black "Vlassov, Nikolai"]
[WhiteFideId "24614734"]
[BlackFideId "4103360"]
[WhiteElo "2359"]
[BlackElo "2407"]
[Result "1-0"]
[Round "09"]
[TimeControl "180+1"]
[Date "2022.03.16"]
[WhiteClock "0:00:18"]
[BlackClock "0:00:01"]

1. e4 c5 2. Nf3 d6 3. Nc3 Nf6 4. e5 dxe5 5. Nxe5 Nbd7 6. Bb5 a6 7. Bxd7+ Nxd7 8. Nxd7 Qxd7 9. O-O b5 10. a4 b4 11. Ne4 e6 12. d3 Bb7 13. Be3 Rc8 14. b3 Be7 15. Qh5 Qd5 16. Qxd5 exd5 17. Ng3 O-O 18. Nf5 Bf6 19. Rad1 Rfd8 20. Bf4 Rc6 21. Rfe1 Kf8 22. g4 Bc8 23. Kg2 h5 24. h3 Bc3 25. Re2 Bxf5 26. gxf5 Rf6 27. Bg5 Rdd6 28. Bxf6 Rxf6 29. f4 Rxf5 30. Rf1 g6 31. Rf3 Bd4 32. h4 c4 33. dxc4 dxc4 34. Re4 Bc3 35. Rxc4 Rd5 36. Rd3 Rf5 37. Rc6 a5 38. Rc4 Be1 39. Kh3 Kg7 40. Re3 Bd2 41. Re5 Rf6 42. f5 g5 43. hxg5 Bxg5 44. Rxa5 Rd6 45. f6+ Kxf6 46. Rcc5 Bc1 47. Rxh5 Rd2 48. Rhf5+ Ke6 49. Rac5 Bb2 50. Rf3 Bc3 51. Rcxc3 bxc3 52. Rxc3 f5 53. Kg3 Ke5 54. Kf3 Rh2 55. Rc4 Rh3+ 56. Kg2 Rh6 57. a5 1-0


[Site "https://www.chess.com"]

[Event "Titled Tuesday Blitz March 15 Late 2022"]
[White "Hoffmann, Asa"]
[Black "Sztokbant, Bernardo Vainzoff"]
[WhiteFideId "2001470"]
[BlackFideId "2115956"]
[WhiteElo "2117"]
[BlackElo "2237"]
[Result "0-1"]
[Round "09"]
[TimeControl "180+1"]
[Date "2022.03.16"]
[WhiteClock "0:00:08"]
[BlackClock "0:00:09"]

1. d4 Nf6 2. Bg5 d5 3. Nd2 Bf5 4. e3 e6 5. c4 c6 6. Qb3 Qb6 7. c5 Qc7 8. Bf4 Qc8 9. h3 h6 10. Ngf3 Nbd7 11. Be2 Be7 12. O-O O-O 13. Qc3 a5 14. b3 b6 15. cxb6 Qb7 16. Rfc1 Rfc8 17. Bc7 Ba3 18. Rd1 Nxb6 19. Be5 Nfd7 20. Bd3 c5 21. Bxf5 exf5 22. Qd3 g6 23. Bf4 c4 24. bxc4 Bb2 25. Rab1 dxc4 26. Qc2 c3 27. Bxh6 Nd5 28. Nb3 Nb4 29. Qe2 a4 30. Nc1 a3 31. Ne1 c2 32. Nxc2 Rxc2 33. Qe1 Rac8 34. Nb3 Nxa2 35. e4 Qxb3 36. exf5 Nc3 37. Qe7 Ne2+ 38. Kh1 a2 39. fxg6 axb1=Q 40. Rxb1 Qd5 41. gxf7+ Qxf7 42. Qg5+ Kh7 43. Qh4 Kg8 44. Be3 Qg6 45. Qg4 Qxg4 46. hxg4 Bxd4 47. Bxd4 Nxd4 48. Rb7 Rc1+ 49. Kh2 Nf8 50. Kg3 Nde6 51. f4 R1c3+ 52. Kh4 Nxf4 53. g3 N4g6+ 54. Kg5 R3c5+ 55. Kf6 R8c7 56. Rb8 Rf7# 0-1


[Site "https://www.chess.com"]

[Event "Titled Tuesday Blitz March 15 Late 2022"]
[White "Jaskolka, Tomasz"]
[Black "Awoki, Daniel Teidi"]
[WhiteFideId "1170791"]
[BlackFideId "2100827"]
[WhiteElo "2073"]
[BlackElo "2023"]
[Result "1-0"]
[Round "09"]
[TimeControl "180+1"]
[Date "2022.03.16"]
[WhiteClock "0:00:06"]
[BlackClock "0:00:03"]

1. d4 Nf6 2. Bf4 d5 3. e3 e6 4. c3 c5 5. Nd2 Bd6 6. Bg3 Nc6 7. Ngf3 b6 8. Bd3 Bb7 9. Ne5 Ne7 10. Bb5+ Kf8 11. f4 a6 12. Bd3 Ne4 13. Qh5 Bxe5 14. Bxe4 Bf6 15. Bd3 g6 16. Qe2 Kg7 17. Bf2 h5 18. O-O cxd4 19. exd4 b5 20. Nf3 Qb6 21. Bh4 Bxh4 22. Nxh4 b4 23. Rae1 Qc6 24. Qe5+ Kg8 25. Qf6 Qd7 26. f5 Nxf5 27. Bxf5 exf5 28. Nxf5 Rh7 29. Ne7+ Kf8 30. Nxg6+ Kg8 31. Ne5 Qe6 32. Qg5+ Rg7 33. Qxh5 bxc3 34. bxc3 Rf8 35. Nf3 Qc6 36. Ng5 Qg6 37. Qxg6 Rxg6 38. Nf3 Rc8 39. Re3 Bc6 40. Ne5 Re6 41. Rg3+ Kf8 42. Rxf7+ Ke8 43. Rg8# 1-0


[Site "https://www.chess.com"]